BSA
GREENVILLE 84S @ PLYMOUTH ROCKS
08/10/2027
 
TOP OF THE 1ST
Greenville 84s batting - Pitching for Plymouth Rocks : RHP José Morán
Pitching: RHP José Morán
Batting: RHB Carlos Torres 0-0: Ball
1-0: Ball
2-0: Bunted foul
2-1: Foul Ball, location: 2F
2-2: Ground out 6-3 (Groundball, 6)
Batting: LHB Chris Moore 0-0: Foul Ball, location: 2F
0-1: Foul Ball, location: 2F
0-2: Ball
1-2: SINGLE (Groundball, 6MD)
Batting: RHB Enzo Díaz 0-0: Fly out, F8 (Flyball, 8LXD)
Batting: RHB Vic Langlois 0-0: Ball
1-0: Foul Ball, location: 2F
1-1: Swinging Strike
1-2: Foul Ball, location: 2F
1-2: Strikes out swinging
Top of the 1st over - 0 run(s), 1 hit(s), 0 error(s), 1 left on base; Greenville 0 - Plymouth 0
BOTTOM OF THE 1ST
Plymouth Rocks batting - Pitching for Greenville 84s : RHP Vicente Durán
Pitching: RHP Vicente Durán
Batting: LHB Roberto García 0-0: Called Strike
0-1: Swinging Strike
0-2: Ground out 4-3 (Groundball, 34)
Batting: LHB Roy Patrick 0-0: Called Strike
0-1: Ball
1-1: Foul Ball, location: 2F
1-2: Ball
2-2: Ball
3-2: Foul Ball, location: 2F
3-2: SINGLE (Groundball, 4) (infield hit)
Batting: RHB Andrés Lara 0-0: Ball
Roy Patrick steals 2nd base
1-0: Ball
2-0: Ball
3-0: Called Strike
3-1: SINGLE (Flyball, 7LM)
Roy Patrick to third
Runner from 3rd tries for Home, SAFE, no throw
Batting: LHB Barrett Waters 0-0: Ball
1-0: Called Strike
1-1: Foul Ball, location: 2F
1-2: Strikes out swinging
Batting: LHB Roger Moore 0-0: Ball
1-0: Ball
2-0: Called Strike
2-1: Swinging Strike
2-2: Strikes out looking
Bottom of the 1st over - 1 run(s), 2 hit(s), 0 error(s), 1 left on base; Greenville 0 - Plymouth 1
TOP OF THE 2ND
Greenville 84s batting - Pitching for Plymouth Rocks : RHP José Morán
Batting: LHB Paco Rosas 0-0: Ball
1-0: Foul Ball, location: 2F
1-1: Ground out 4-3 (Groundball, 4)
Batting: RHB Owen Carter 0-0: Ball
1-0: Foul Ball, location: 2F
1-1: Ball
2-1: Foul Ball, location: 2F
2-2: SINGLE (Line Drive, 8RS)
Batting: SHB Gilberto Guzmán 0-0: Foul Ball, location: 2F
0-1: Ball
1-1: Ball
2-1: Ball
3-1: Foul Ball, location: 2F
3-2: Strikes out swinging
Batting: RHB Robert Buckley 0-0: Ball
1-0: Foul Ball, location: 2F
1-1: Ball
2-1: Called Strike
2-2: Strikes out swinging
Top of the 2nd over - 0 run(s), 1 hit(s), 0 error(s), 1 left on base; Greenville 0 - Plymouth 1
BOTTOM OF THE 2ND
Plymouth Rocks batting - Pitching for Greenville 84s : RHP Vicente Durán
Batting: RHB Luis Sánchez 0-0: Fly out, F7 (Flyball, 78D)
Batting: RHB Taylor McFarland 0-0: Called Strike
0-1: Called Strike
0-2: Ball
1-2: Ball
2-2: Ball
3-2: Base on Balls
Batting: SHB Víctor Serrano 0-0: Ball
1-0: Ball
2-0: Grounds out, U3 (Groundball, 3L)
Batting: RHB António Gonzáles 0-0: SINGLE (Groundball, 6MD)
Taylor McFarland to third
Runner from 3rd tries for Home, SAFE, no throw
Batting: LHB Roberto García 0-0: Ball
1-0: Called Strike
1-1: Ground out 4-3 (Groundball, 34)
Bottom of the 2nd over - 1 run(s), 1 hit(s), 0 error(s), 1 left on base; Greenville 0 - Plymouth 2
TOP OF THE 3RD
Greenville 84s batting - Pitching for Plymouth Rocks : RHP José Morán
Batting: LHB Mario Cornelo 0-0: Ball
1-0: Ball
2-0: Ball
3-0: Called Strike
3-1: Called Strike
3-2: Foul Ball, location: 2F
3-2: Foul Ball, location: 2F
3-2: Strikes out looking
Batting: RHB Carlos Torres 0-0: Ball
1-0: Foul Ball, location: 2F
1-1: Called Strike
1-2: Strikes out swinging
Batting: LHB Chris Moore 0-0: Fly out, F8 (Flyball, 78S)
Top of the 3rd over - 0 run(s), 0 hit(s), 0 error(s), 0 left on base; Greenville 0 - Plymouth 2
BOTTOM OF THE 3RD
Plymouth Rocks batting - Pitching for Greenville 84s : RHP Vicente Durán
Batting: LHB Roy Patrick 0-0: Ball
1-0: Ball
2-0: Ball
3-0: Called Strike
3-1: Base on Balls
Batting: RHB Andrés Lara 0-0: Ball
1-0: DOUBLE (Flyball, 89D)
Roy Patrick to third
Batting: LHB Barrett Waters 0-0: Swinging Strike
0-1: 3-RUN HOME RUN (Flyball, 89XD), Distance : 421 ft
Batting: LHB Roger Moore 0-0: Ground out 3-1 (Groundball, 34)
Batting: RHB Luis Sánchez 0-0: Called Strike
0-1: Foul Ball, location: 2F
0-2: Ball
1-2: Ball
2-2: Ball
3-2: Fly out, F9 (Flyball, 9)
Batting: RHB Taylor McFarland 0-0: Swinging Strike
0-1: Ball
1-1: Swinging Strike
1-2: Fly out, F9 (Flyball, 9)
Bottom of the 3rd over - 3 run(s), 2 hit(s), 0 error(s), 0 left on base; Greenville 0 - Plymouth 5
TOP OF THE 4TH
Greenville 84s batting - Pitching for Plymouth Rocks : RHP José Morán
Batting: RHB Enzo Díaz 0-0: Foul Ball, location: 2F
0-1: Foul Ball, location: 2F
0-2: Ball
1-2: Ball
2-2: Ball
3-2: Ground out 6-3 (Groundball, 6)
Batting: RHB Vic Langlois 0-0: Ground out 6-3 (Groundball, 6)
Batting: LHB Paco Rosas 0-0: Called Strike
0-1: Called Strike
0-2: Strikes out swinging, 2-3 out at first.
Top of the 4th over - 0 run(s), 0 hit(s), 0 error(s), 0 left on base; Greenville 0 - Plymouth 5
BOTTOM OF THE 4TH
Plymouth Rocks batting - Pitching for Greenville 84s : RHP Vicente Durán
Batting: SHB Víctor Serrano 0-0: Ball
1-0: Swinging Strike
1-1: Ground out 1-3 (Groundball, P)
Batting: RHB António Gonzáles 0-0: Ground out 6-3 (Groundball, 6)
Batting: LHB Roberto García 0-0: Foul Ball, location: 2F
0-1: Called Strike
0-2: Ball
1-2: Ground out 5-3 (Groundball, 5)
Bottom of the 4th over - 0 run(s), 0 hit(s), 0 error(s), 0 left on base; Greenville 0 - Plymouth 5
TOP OF THE 5TH
Greenville 84s batting - Pitching for Plymouth Rocks : RHP José Morán
Batting: RHB Owen Carter 0-0: Called Strike
0-1: Ball
1-1: Ball
2-1: DOUBLE (Line Drive, 8RXD)
Batting: SHB Gilberto Guzmán 0-0: Ball
1-0: Ball
2-0: Called Strike
2-1: Foul Ball, location: 2F
2-2: Ball
3-2: Strikes out swinging
Batting: RHB Robert Buckley 0-0: Ball
1-0: Ball
2-0: Fly out, F9 (Flyball, 9S)
Batting: LHB Mario Cornelo 0-0: Called Strike
0-1: Called Strike
0-2: Ball
1-2: Ball
2-2: Fly out, F7 (Flyball, 78M)
Top of the 5th over - 0 run(s), 1 hit(s), 0 error(s), 1 left on base; Greenville 0 - Plymouth 5
BOTTOM OF THE 5TH
Plymouth Rocks batting - Pitching for Greenville 84s : RHP Vicente Durán
Pitching: RHP Fernand Picard
Batting: LHB Roy Patrick 0-0: Called Strike
0-1: Ball
1-1: Swinging Strike
1-2: Foul Ball, location: 2F
1-2: Foul Ball, location: 2F
1-2: Ball
2-2: SINGLE (Groundball, 4D)
Batting: RHB Andrés Lara 0-0: Grounds into double play, 4-6-3 (Groundball, 4)
Batting: LHB Barrett Waters 0-0: Ground out 6-3 (Groundball, 6)
Bottom of the 5th over - 0 run(s), 1 hit(s), 0 error(s), 0 left on base; Greenville 0 - Plymouth 5
TOP OF THE 6TH
Greenville 84s batting - Pitching for Plymouth Rocks : RHP José Morán
Batting: RHB Carlos Torres 0-0: Called Strike
0-1: Swinging Strike
0-2: Ball
1-2: Ball
2-2: Ball
3-2: Base on Balls
Batting: LHB Chris Moore 0-0: Ball
1-0: Foul Ball, location: 2F
1-1: SINGLE (Groundball, 6MD)
Carlos Torres to second
Runner from 2nd tries for 3rd, SAFE, no throw
Batting: RHB Enzo Díaz 0-0: Called Strike
0-1: Ball
1-1: Foul Ball, location: 2F
1-2: Foul Ball, location: 2F
1-2: Foul Ball, location: 2F
1-2: Ball
2-2: Ball
3-2: Foul Ball, location: 2F
3-2: Grounds into double play, 4-6-3 (Groundball, 4)
Carlos Torres scores
Batting: RHB Vic Langlois 0-0: Foul Ball, location: 2F
0-1: Called Strike
0-2: Ball
1-2: Foul Ball, location: 2F
1-2: Strikes out swinging
Top of the 6th over - 1 run(s), 1 hit(s), 0 error(s), 0 left on base; Greenville 1 - Plymouth 5
BOTTOM OF THE 6TH
Plymouth Rocks batting - Pitching for Greenville 84s : RHP Fernand Picard
Batting: LHB Roger Moore 0-0: Called Strike
0-1: Ball
1-1: Foul Ball, location: 2F
1-2: Foul Ball, location: 2F
1-2: Hit by Pitch
Batting: RHB Luis Sánchez 0-0: Called Strike
0-1: Ball
1-1: Called Strike
1-2: Ball
2-2: Ball
3-2: Base on Balls
Roger Moore to second
Batting: RHB Taylor McFarland 0-0: Swinging Strike
0-1: Foul Ball, location: 2F
0-2: Strikes out swinging
Batting: SHB Víctor Serrano 0-0: Ball
1-0: Foul Ball, location: 2F
1-1: Ball
2-1: Foul Ball, location: 2F
2-2: Ball
3-2: Strikes out looking
Luis Sánchez steals 2nd base
Batter strikes out.
Roger Moore to third
Batting: RHB António Gonzáles 0-0: Swinging Strike
0-1: Ball
1-1: Ground out 1-3 (Groundball, 13S)
Bottom of the 6th over - 0 run(s), 0 hit(s), 0 error(s), 2 left on base; Greenville 1 - Plymouth 5
TOP OF THE 7TH
Greenville 84s batting - Pitching for Plymouth Rocks : RHP José Morán
Pitching: RHP Lorenzo Aguilar
Batting: LHB Paco Rosas 0-0: Called Strike
0-1: Foul Ball, location: 2F
0-2: Foul Ball, location: 2F
0-2: Ball
1-2: Foul Ball, location: 2F
1-2: Fly out, F4 (Popup, 4)
Batting: RHB Owen Carter 0-0: Ball
1-0: Foul Ball, location: 2F
1-1: Foul Ball, location: 2F
1-2: Ball
2-2: Ground out 6-3 (Groundball, 6S)
Batting: SHB Gilberto Guzmán 0-0: Called Strike
0-1: Foul Ball, location: 2F
0-2: Strikes out swinging
Top of the 7th over - 0 run(s), 0 hit(s), 0 error(s), 0 left on base; Greenville 1 - Plymouth 5
BOTTOM OF THE 7TH
Plymouth Rocks batting - Pitching for Greenville 84s : RHP Fernand Picard
Batting: LHB Roberto García 0-0: Called Strike
0-1: Foul Ball, location: 2F
0-2: Ball
1-2: Fly out, F9 (Flyball, 9LD)
Batting: LHB Roy Patrick 0-0: Ball
1-0: Fly out, F7 (Flyball, 7S)
Batting: RHB Andrés Lara 0-0: Called Strike
0-1: Ball
1-1: Ground out 6-3 (Groundball, 6)
Bottom of the 7th over - 0 run(s), 0 hit(s), 0 error(s), 0 left on base; Greenville 1 - Plymouth 5
TOP OF THE 8TH
Greenville 84s batting - Pitching for Plymouth Rocks : RHP Lorenzo Aguilar
Batting: RHB Robert Buckley 0-0: Foul Ball, location: 2F
0-1: Ball
1-1: Foul Ball, location: 2F
1-2: Strikes out swinging
Batting: LHB Mario Cornelo 0-0: Ball
1-0: Ball
2-0: Called Strike
2-1: Ball
3-1: Called Strike
3-2: Foul Ball, location: 2F
3-2: Strikes out swinging
Batting: RHB Carlos Torres 0-0: Ball
1-0: Foul Ball, location: 2F
1-1: SOLO HOME RUN (Flyball, 7D), Distance : 402 ft
Batting: LHB Chris Moore 0-0: Ball
1-0: SINGLE (Groundball, 4MD)
Pitching: RHP Scot MacIntosh
Batting: RHB Enzo Díaz 0-0: Ball
1-0: Ball
2-0: Foul Ball, location: 2F
2-1: Called Strike
2-2: Foul Ball, location: 2F
2-2: SINGLE (Line Drive, 9S)
Chris Moore to second
Runner from 2nd tries for 3rd, SAFE, throw made to third
Batting: RHB Vic Langlois 0-0: Ball
1-0: Reached on error, E4 (Groundball, 4)
Chris Moore scores
Enzo Díaz to second
Pitching: LHP Manuel Parra
Batting: LHB Paco Rosas 0-0: Ball
Wild Pitch!
Enzo Díaz to third
Vic Langlois to second
1-0: Called Strike
1-1: Ball
2-1: SINGLE (Line Drive, 8RS)
Enzo Díaz scores
Vic Langlois to third
Pitching: RHP Bartolo García
Batting: RHB Owen Carter 0-0: DOUBLE (Line Drive, 7LM)
Vic Langlois scores
Paco Rosas to third
Runner from 3rd tries for Home, throw and OUT!
Top of the 8th over - 4 run(s), 5 hit(s), 1 error(s), 1 left on base; Greenville 5 - Plymouth 5
BOTTOM OF THE 8TH
Plymouth Rocks batting - Pitching for Greenville 84s : RHP Fernand Picard
Pitching: LHP Manuel Herrera
Pinch Hitting: RHB Wilbert Rodgers 0-0: Ball
1-0: Ball
2-0: Foul Ball, location: 2F
2-1: Ball
3-1: Base on Balls
Pitching: RHP Paco Ruíz
Batting: LHB Roger Moore 0-0: Ball
1-0: Foul Ball, location: 2F
1-1: Called Strike
1-2: Ball
2-2: Foul Ball, location: 2F
2-2: Strikes out looking
Batting: RHB Luis Sánchez 0-0: Ball
1-0: Swinging Strike
1-1: Ball
2-1: Fly out, F5 (Popup, 5D)
Pinch Hitting: SHB Derek Roach 0-0: Ball
1-0: Fly out, F7 (Flyball, 7LSF)
Bottom of the 8th over - 0 run(s), 0 hit(s), 0 error(s), 1 left on base; Greenville 5 - Plymouth 5
TOP OF THE 9TH
Greenville 84s batting - Pitching for Plymouth Rocks : RHP Bartolo García
Pitching: RHP Soichiro Ikeda
Now at SS: Jorge Jiménez
Now in CF: Wilbert Rodgers
Pinch Hitting: LHB Robert Moore 0-0: Ball
1-0: Ball
2-0: Called Strike
2-1: Called Strike
2-2: Ball
3-2: Strikes out swinging
Batting: RHB Robert Buckley 0-0: Ground out 6-3 (Groundball, 6)
Batting: LHB Mario Cornelo 0-0: SINGLE (Line Drive, 4D)
Batting: RHB Carlos Torres 0-0: Ball
Mario Cornelo steals 2nd base
1-0: Called Strike
1-1: Fly out, F1 (Line Drive, 15)
Top of the 9th over - 0 run(s), 1 hit(s), 0 error(s), 1 left on base; Greenville 5 - Plymouth 5
BOTTOM OF THE 9TH
Plymouth Rocks batting - Pitching for Greenville 84s : RHP Paco Ruíz
Now in RF: Robert Moore
Batting: SHB Víctor Serrano 0-0: Ground out 6-3 (Groundball, 6)
Batting: RHB António Gonzáles 0-0: Ball
1-0: Ball
2-0: SINGLE (Groundball, 56D)
Batting: LHB Roberto García 0-0: Ball
1-0: Ball
2-0: Ball
3-0: Called Strike
3-1: Fly out, F8 (Flyball, 8LS)
Batting: LHB Roy Patrick 0-0: Foul Ball, location: 2F
0-1: Ball
1-1: Called Strike
1-2: Strikes out swinging
Bottom of the 9th over - 0 run(s), 1 hit(s), 0 error(s), 1 left on base; Greenville 5 - Plymouth 5
TOP OF THE 10TH
Greenville 84s batting - Pitching for Plymouth Rocks : RHP Soichiro Ikeda
Batting: LHB Chris Moore 0-0: Foul Ball, location: 2F
0-1: Swinging Strike
0-2: Foul Ball, location: 2F
0-2: Strikes out swinging
Batting: RHB Enzo Díaz 0-0: Foul Ball, location: 2F
0-1: Called Strike
0-2: Foul Ball, location: 2F
0-2: Strikes out looking
Batting: RHB Vic Langlois 0-0: Ball
1-0: Called Strike
1-1: Swinging Strike
1-2: Ball
2-2: Foul Ball, location: 2F
2-2: Strikes out looking
Top of the 10th over - 0 run(s), 0 hit(s), 0 error(s), 0 left on base; Greenville 5 - Plymouth 5
BOTTOM OF THE 10TH
Plymouth Rocks batting - Pitching for Greenville 84s : RHP Paco Ruíz
Batting: RHB Andrés Lara 0-0: Ball
1-0: Swinging Strike
1-1: Ball
2-1: Called Strike
2-2: Strikes out swinging
Batting: RHB Wilbert Rodgers 0-0: Ball
1-0: Ball
2-0: Foul Ball, location: 2F
2-1: SINGLE (Line Drive, 78S)
Batting: LHB Roger Moore 0-0: 2-RUN HOME RUN (Flyball, 89XD), Distance : 425 ft
Thursday, March 30th, 2017 - OOTP Baseball 17.12 Build 75